 Dungeon Crawl Stone Soup version 0.21.1-1-g345015fe64 (webtiles) character file.

122 BrokenGlass the Ruffian (level 5, 0/36 HPs)
             Began as an Octopode Fighter on Feb 10, 2018.
             Was an Initiate of Gozag.
             Slain by Terence
             ... wielding a +4 falchion of slicing
              (2 damage)
             ... on level 3 of the Dungeon.
             The game lasted 00:01:41 (1879 turns).

BrokenGlass the Ruffian (Octopode Fighter)          Turns: 1879, Time: 00:01:42

Health: 0/36       AC:  1    Str: 16    XL:     5   Next: 6%
Magic:  5/5        EV: 14    Int: 10    God:    Gozag
Gold:   257        SH:  0    Dex: 12    Spells: 4/4 levels left

rFire    . . .     SeeInvis .     - Unarmed
rCold    . . .     Gourm    .   (no shield)
rNeg     . . .     Faith    +   (helmet restricted)
rPois    .         Spirit   .   h - amulet of faith
rElec    .         Reflect  .   (no ring)
rCorr    .         Harm     .   (no ring)
MR       .....                  (no ring)
Stlth    ++........             (no ring)
HPRegen  0.12/turn              (no ring)
MPRegen  0.09/turn              (no ring)
                                (no ring)
                                (no ring)

@: no status effects
A: almost no armour, stealthy swim, amphibious, 8 rings, constrict 8, camouflage
1, gelatinous body 1
a: Potion Petition, Call Merchant, Bribe Branch, Renounce Religion


You were on level 3 of the Dungeon.
You worshipped Gozag.
Gozag was aware of your devotion.
You were not hungry.

You visited 1 branch of the dungeon, and saw 3 of its levels.

You collected 284 gold pieces.
You paid 27 gold pieces to Gozag.

Inventory:

Missiles
 d - 15 bolts
Armour
 a - a +0 shield
Jewellery
 h - an amulet of faith (around mantle)
 k - an uncursed amulet of regeneration {unknown}
Wands
 r - a wand of flame (26)
Scrolls
 c - a scroll of noise {unknown}
 e - a scroll of fear {unknown}
 j - 5 scrolls of teleportation {unknown}
 m - a scroll of enchant armour {unknown}
 n - a scroll of remove curse {unknown}
 o - a scroll of amnesia {unknown}
 p - a scroll of identify {unknown}
 q - a scroll of magic mapping {unknown}
Potions
 b - 2 potions of might
 f - a potion of lignification {unknown}
 g - a potion of mutation {unknown}
 i - a potion of flight {unknown}
 l - a potion of magic {unknown}


   Skills:
 - Level 3.0 Fighting
 - Level 3.0 Dodging
 - Level 3.0 Shields
 + Level 5.1 Unarmed Combat


You had 4 spell levels left.
You didn't know any spells.

Dungeon Overview and Level Annotations

Branches:
Dungeon (3/15)

Altars:
Gozag

Annotations:
D:3 Terence


Innate Abilities, Weirdness & Mutations

You cannot wear most types of armour.
You are very stealthy in the water. (Stealth+)
You are amphibious.
You can wear up to eight rings at the same time.
You can use your tentacles to constrict eight enemies at once.
Your skin changes colour to match your surroundings (Stealth+).
Your rubbery body absorbs attacks. (AC +1, EV +1)


Message History

You are too injured to fight recklessly!
You are too injured to fight recklessly!
You are too injured to fight recklessly!
You are too injured to fight recklessly!
You are too injured to fight recklessly!
You are too injured to fight recklessly!
You are too injured to fight recklessly!
You are too injured to fight recklessly!
You are too injured to fight recklessly!
You are too injured to fight recklessly!
You are too injured to fight recklessly!
You are too injured to fight recklessly!
You tentacle-slap Terence but do no damage.
You squeeze Terence!
Terence is heavily wounded.
You constrict Terence.
Terence hits you with a falchion of slicing!
* * * LOW HITPOINT WARNING * * *
You die...
Your body crumbles into a pile of gold.

..>....[.# .........#
#.......# #.......#
#.......# ##....$..#
.........####
.....>...@..#
.........K@.#
............#########+##
...)#####..$...........#
.... #..............#
... #..............# ..
#........$..?..#
#..............#
#####+#.$.....##
#.##.....#


You could see Terence and a kobold.

Vanquished Creatures
  Crazy Yiuf (D:2)
  2 adders (D:2)
  3 worms (D:2)
  3 dart slugs
  7 bats
  15 giant cockroaches
  4 goblins
  5 hobgoblins
  3 jackals (D:1)
  3 frilled lizards
  5 kobolds
  8 rats
59 creatures vanquished.

Notes
Turn   | Place    | Note
-------+----------+-------------------------------------------
     0 | D:1      | BrokenGlass the Octopode Fighter began the quest for the Orb.
     0 | D:1      | Reached XP level 1. HP: 16/16 MP: 1/1
   216 | D:1      | Reached XP level 2. HP: 20/21 MP: 2/2
   243 | D:1      | Reached skill level 3 in Unarmed Combat
   693 | D:2      | Reached XP level 3. HP: 17/26 MP: 3/3
   904 | D:2      | Found an opulent altar of Gozag.
   923 | D:2      | Became a worshipper of Gozag Ym Sagoz the Greedy
   938 | D:2      | Reached skill level 4 in Unarmed Combat
   955 | D:2      | Reached XP level 4. HP: 23/31 MP: 4/4
  1468 | D:2      | Found a runed door.
  1520 | D:2      | Noticed Crazy Yiuf
  1525 | D:2      | Killed Crazy Yiuf
  1525 | D:2      | Reached skill level 5 in Unarmed Combat
  1525 | D:2      | Reached XP level 5. HP: 5/36 MP: 5/5
  1865 | D:3      | Noticed Terence
  1879 | D:3      | Slain by Terence

Skill      XL: |  1  2  3  4 |
---------------+-------------+-----
Unarmed Combat | 3 4 5 |  5.1
Fighting       | |  3.0
Dodging        | |  3.0
Shields        | |  3.0

Action                   |  1- 3 |  4- 6 || total
-------------------------+-------+-------++-------
Melee: Unarmed           |    78 |    59 ||   137
       Constrict         |    22 |    15 ||    37
       Tentacles         |     8 |    13 ||    21
       Punch             |       |     1 ||     1
 Stab: Sleeping          |     7 |     3 ||    10
  Eat: Ration            |       |     1 ||     1
Armor: Skin              |     7 |     6 ||    13
Dodge: Dodged            |    52 |    39 ||    91
